 Dungeon Crawl Stone Soup version 0.25.0-9-g26727b657a (webtiles) character file.

Game seed: 16795183858919077729

247789 Infinimo the Shatterer (level 19, -11/182 HPs)
             Began as a Minotaur Berserker on June 17, 2020.
             Was the Champion of Trog.
             Killed from afar by a storm dragon (18 damage)
             ... with a bolt of lightning
             ... on level 2 of the Depths.
             The game lasted 01:45:36 (46035 turns).

Infinimo the Shatterer (Minotaur Berserker)        Turns: 46035, Time: 01:45:38

Health: -11/182    AC: 29    Str: 29    XL:     19   Next: 23%
Magic:  6/6        EV: 14    Int:  6    God:    Trog [******]
Gold:   4017       SH: 16    Dex: 11    Spells: 18/18 levels left

rFire    + . .     SeeInvis .   p - +2 eveningstar (antimagic)
rCold    + + .     Gourm    .   v - +0 kite shield {AC+3}
rNeg     . . .     Faith    .   H - +4 gold dragon scales
rPois    +         Spirit   .   E - +2 hat
rElec    .         Reflect  .   k - scarf {rC+ rF+}
rCorr    .         Harm     .   (no gloves)
MR       ++...                  (no boots)
Stlth    ..........             h - amulet of the acrobat
HPRegen  0.40/turn              o - +4 ring of evasion
MPRegen  0.10/turn              t - ring of the Frog {+Blink rF- MR+ Int+2 Slay+4}

@: about to teleport, studying Shields
A: retaliatory headbutt, horns 2
}: 1/15 runes: gossamer
a: Berserk, Trog's Hand, Brothers in Arms, Renounce Religion, Evoke Blink


You were on level 2 of the Depths.
You worshipped Trog.
Trog was exalted by your worship.
You were hungry.

You visited 5 branches of the dungeon, and saw 29 of its levels.
You also visited: Ice Cave.

You collected 4453 gold pieces.
You spent 436 gold pieces at shops.

Inventory:

Hand Weapons
 p - a +2 antimagic eveningstar (weapon)
 K - a +6 demon whip of venom
Armour
 k - a scarf of resistance (worn)
 v - a +0 kite shield of protection (worn)
 E - a +2 hat (worn)
 H - +4 gold dragon scales (worn)
Jewellery
 h - an amulet of the acrobat (around neck)
 m - an uncursed ring of ice
 o - a +4 ring of evasion (left hand)
 t - the ring of the Frog (right hand) {+Blink rF- MR+ Int+2 Slay+4}
   (You acquired it on level 12 of the Dungeon)

   [ring of slaying]

   It affects your intelligence (+2).
   It affects your accuracy and damage with ranged weapons and melee attacks
   (+4).
   It makes you vulnerable to fire.
   It affects your resistance to hostile enchantments.
   It lets you blink.
Wands
 b - a wand of iceblast (30)
 r - a wand of paralysis (5)
 s - a wand of clouds (12)
 u - a wand of flame (50)
 z - a wand of polymorph (28)
 C - a wand of disintegration (24)
 G - a wand of acid (11)
Scrolls
 e - 5 scrolls of identify
 f - 17 scrolls of remove curse
 i - 9 scrolls of enchant weapon
 q - 4 scrolls of magic mapping
 x - 2 scrolls of fog
 y - a scroll of teleportation
 O - 4 scrolls of noise
 R - a scroll of silence
Potions
 a - 16 potions of curing
 d - 2 potions of cancellation
 g - 7 potions of ambrosia
 j - 7 potions of stabbing
 l - 4 potions of resistance
 A - 3 potions of heal wounds
 B - 2 potions of haste
 D - 4 potions of lignification
 F - 4 potions of invisibility
 I - 3 potions of degeneration
 Q - 4 potions of flight
 W - a potion of berserk rage
 X - 6 potions of mutation
 Y - 7 potions of brilliance
Books
 n - a manual of Shields
Comestibles
 c - 38 rations


   Skills:
 + Level 19.0 Fighting
 * Level 25.0 Maces & Flails
 + Level 15.4 Armour
 + Level 9.4 Dodging
 + Level 18.5 Shields


You had 18 spell levels left.
You didn't know any spells.
Your spell library was empty.

Dungeon Overview and Level Annotations

Branches:
Dungeon (15/15)            Temple (0/1) D:7            Lair (6/6) D:8
 Shoals (0/4) Lair:4       Spider (4/4) Lair:4        Slime (0/5) Lair:5
    Orc (2/2) D:10            Elf (0/3) Orc:2        Vaults (0/5) D:13
 Depths (2/5) D:15          IceCv (visited)

Altars:
Ashenzari
Cheibriados
Dithmenos
Gozag
Kikubaaqudgha
Nemelex Xobeh
Okawaru
Ru
Sif Muna
Trog
Uskayaw
Wu Jian
Xom
Yredelemnul
Zin
Beogh
Jiyva

Shops:
D:9 %   D:10 [   D:13 (   Orc:2 :(!?

Portals:
Hell: Depths:1
Abyss: Depths:2
Pandemonium: Orc:2

Annotations:
Depths:2 exclusion: ice statue


Innate Abilities, Weirdness & Mutations

You reflexively headbutt those who attack you in melee.
You have a pair of horns on your head.


Message History

* * * LOW HITPOINT WARNING * * *
You are engulfed in flames.
You resist.
* * * LOW HITPOINT WARNING * * *
The deep elf high priest calls down the wrath of its god upon you.
Something smites you!
* * * LOW HITPOINT WARNING * * *
You block the sun demon's attack.
Your surroundings suddenly seem different.
A quicksilver dragon comes into view.
The quicksilver dragon roars deafeningly!
A hell hound comes into view.
Found a ration.
As you read the scroll of teleportation, it crumbles to dust.
You feel strangely unstable.
The deep elf high priest calls down the wrath of its god upon you.
The sphere of damnation explodes!
The damnation engulfs you!!
* * * LOW HITPOINT WARNING * * *
The storm dragon breathes lightning at you.
The bolt of lightning hits you!!
You die...

.'..........)..)......##
.''...8...8=..''.).....###
..'.......)...'.[.......[##
..##..8...8..##..........⌠##
####...._....#####..3h.....##
##.☼..)°.##.%.###.......(##
##..∩.[##......#)'(....).##
#######.......h.'#.(...(.##
.....D.@..e.)##..((.).# .
..............##....(.## .
.8.....D.8.....##..(''##
...8...........(###''(..
................# #.....
##%°.8.........## .....≈
##.^..h......## ...≈≈≈
##..8.......# ..≈≈≈.. .......


You could see a storm dragon (catching breath), a quicksilver dragon, a deep elf
high priest and 2 hell hounds.

Vanquished Creatures
  A golden dragon (Depths:2)
  Nikola (Spider:4)
  Arachne (Spider:4)
  Rupert (Lair:6)
  A lich (D:15)
  Jorgrun (D:15)
  Asterion (Spider:3)
  Gastronok (D:8)
  Kirke (Spider:1)
  A sphinx (Depths:2)
  Agnes (D:15)
  Donald (Spider:4)
  3 frost giants
  Aizul (D:15)
  4 ghost moths
  4 emperor scorpions
  3 vampire knights
  2 entropy weavers
  8 stone giants
  A war gargoyle (Depths:2)
  7 very ugly things
  2 spark wasps
  4 ettins
  The ghost of aduken the Fighter, a journeyman GnWn of Cheibriados (Orc:2)
  The ghost of Descartes the Blocker, a journeyman FoFi of Cheibriados (Orc:1)
  A blizzard demon (Depths:2)
  Josephine (D:12)
  The ghost of puimuR the Severer, a journeyman DsBe of Trog (Orc:2)
  2 fire dragons (Depths:1)
  An ogre mage (D:15)
  2 ice dragons
  4 vault guards (D:13)
  A rakshasa (Depths:1)
  A great orb of eyes (D:15)
  7 hydras
  Harold (D:8)
  2 deep elf high priests (Depths:2)
  2 catoblepae
  3 spriggan air magi
  4 centaur warriors
  A queen ant (Lair:2)
  2 deep troll earth magi (Depths:1)
  9 two-headed ogres
  2 deep troll shamans (D:15)
  Urug (Lair:1)
  5 orc high priests (Orc:2)
  17 tengu warriors
  A vampire mage (D:15)
  8 death yaks
  4 spriggan berserkers
  A soul eater (Depths:2)
  Nergalle (Lair:3)
  3 iron trolls
  A sixfirhy (Orc:2)
  7 deep trolls
  3 skeletal warriors
  An unseen horror (shapeshifter) (D:15)
  A gelid demonspawn (Orc:2)
  2 unseen horrors
  2 quicksilver dragon simulacra (Depths:2)
  An infernal demonspawn (Orc:2)
  A torturous demonspawn (Orc:2)
  A necromancer (D:15)
  2 phantasmal warriors (Depths:1)
  6 orc knights
  17 ugly things
  A wolf spider zombie (D:13)
  7 orc sorcerers (Orc:2)
  39 wolf spiders
  29 orb spiders
  4 moths of wrath
  2 deep elf magi (D:15)
  2 cyclopes (Orc:2)
  A manticore (D:11)
  A fire giant zombie (D:15)
  8 rust devils (Depths:2)
  A black mamba (Lair:2)
  3 torpor snails
  6 elephants (Lair:6)
  29 spiny frogs
  2 gargoyles (D:13)
  A guardian serpent (shapeshifter) (Depths:1)
  A smoke demon (Orc:2)
  6 centaur skeletons
  A spiny frog (shapeshifter) (D:15)
  12 rime drakes
  12 komodo dragons
  10 yaktaurs
  A freezing wraith (D:10)
  A hellwing (Orc:2)
  12 demonic crawlers
  An efreet (D:15)
  A kobold demonologist (D:13)
  A guardian mummy (D:15)
  3 tengu conjurers
  An ice devil (Depths:2)
  A queen bee (Spider:3)
  18 polar bears
  4 tyrant leeches (Lair:6)
  42 jumping spiders
  6 hornets
  6 meliai
  7 trolls
  A jumping spider (shapeshifter) (D:14)
  18 blink frogs
  11 slime creatures
  Grinder (D:4)
  A snapping turtle (Lair:4)
  A flying skull (Depths:2)
  10 hippogriffs
  2 ettin zombies (D:15)
  A shadow (D:14)
  Sigmund (D:6)
  80 redbacks
  3 vampires
  2 hogs (Spider:1)
  13 tarantellas
  A spriggan (D:7)
  3 water elementals
  6 wraiths
  2 ynoxinuls (Orc:2)
  A human (shapeshifter) (D:15)
  14 wyverns
  47 yaks
  6 basilisks
  A hungry ghost (D:11)
  Grum (D:8)
  Eustachio (D:6)
  11 vampire mosquitoes
  4 wargs
  Edmund (D:6)
  Menkaure (D:4)
  3 acid dragons
  A hell hound (Lair:4)
  17 soldier ants
  17 water moccasins
  Duvessa (D:6)
  11 porcupines
  An eye of draining (D:10)
  31 orc warriors
  2 phantoms
  2 ice beasts (D:10)
  3 sky beasts
  3 black bears
  A hornet zombie (D:15)
  2 ettin simulacra (Depths:2)
  30 wolves
  5 boggarts
  A necrophage (D:9)
  13 ogres
  8 centaurs
  11 crocodiles
  20 bullfrogs
  A big kobold (D:9)
  A wyvern zombie (D:12)
  Blork the orc (D:4)
  Dowan (D:6)
  A water moccasin skeleton (D:10)
  A wyvern skeleton (D:7)
  5 scorpions
  20 killer bees
  A tengu zombie (D:15)
  2 vampire bats (D:9)
  A wight (D:13)
  6 electric eels
  2 howler monkeys (D:7)
  A bullfrog zombie (D:10)
  6 crimson imps
  6 hounds
  6 jellies
  2 centaur zombies
  2 quasits (D:14)
  11 orc wizards
  A bullfrog skeleton (D:10)
  33 orc priests
  2 iguanas
  33 worker ants
  A hound skeleton (D:11)
  3 gnolls (D:9)
  10 adders
  3 howler monkey skeletons
  5 shadow imps
  An adder zombie (D:7)
  A worm (D:4)
  A dart slug (D:2)
  3 leopard geckos (D:2)
  78 orcs
  4 bats
  4 bat skeletons (D:9)
  3 bat zombies (D:9)
  4 giant cockroaches
  5 goblins
  8 hobgoblins
  6 jackals
  14 kobolds
  A quokka (D:8)
  5 frilled lizards
  A jackal skeleton (D:5)
  7 rats
1211 creatures vanquished.

Vanquished Creatures (others)
  A wolf spider (Spider:4)
  An ugly thing (D:15)
  An orc sorcerer (Orc:2)
  A jumping spider (Spider:1)
  2 humans (Spider:1)
  5 ettin simulacra (Depths:2)
  A killer bee (Spider:3)
  6 fungi
  37 plants
55 creatures vanquished.

Grand Total: 1266 creatures vanquished

Notes
Turn   | Place    | Note
-------+----------+-------------------------------------------
     0 | D:1      | Infinimo the Minotaur Berserker began the quest for the
                  | Orb.
     0 | D:1      | Reached XP level 1. HP: 19/19 MP: 0/0
   205 | D:1      | Reached skill level 4 in Maces & Flails
   256 | D:1      | Reached XP level 2. HP: 23/27 MP: 1/1
   945 | D:2      | Reached XP level 3. HP: 30/33 MP: 2/2
  1093 | D:2      | Reached ** piety under Trog
  1257 | D:2      | Reached skill level 5 in Maces & Flails
  1259 | D:2      | Found an iron altar of Okawaru.
  1407 | D:2      | Reached XP level 4. HP: 40/41 MP: 3/3
  1592 | D:2      | Found a shimmering altar of Xom.
  2007 | D:3      | Found a shattered altar of Ashenzari.
  2212 | D:3      | Found a sparkling altar of Nemelex Xobeh.
  2356 | D:4      | Noticed Grinder
  2597 | D:3      | Reached skill level 6 in Maces & Flails
  2597 | D:3      | Reached XP level 5. HP: 22/47 MP: 4/4
  2814 | D:4      | Reached skill level 5 in Fighting
  2839 | D:4      | Noticed Menkaure
  2859 | D:4      | Killed Menkaure
  2859 | D:4      | Reached *** piety under Trog
  2859 | D:4      | Reached XP level 6. HP: 56/56 MP: 5/5
  2980 | D:4      | Noticed Blork the orc
  3334 | D:3      | Reached skill level 7 in Maces & Flails
  3407 | D:4      | Paralysed by Grinder for 6 turns
  3590 | D:4      | Paralysed by Grinder for 5 turns
  3599 | D:4      | Paralysed by Grinder for 5 turns
  3639 | D:4      | Paralysed by Grinder for 3 turns
  3644 | D:4      | Killed Grinder
  3644 | D:4      | Reached XP level 7. HP: 63/63 MP: 6/6
  3668 | D:4      | Killed Blork the orc
  3668 | D:4      | Reached skill level 8 in Maces & Flails
  4080 | D:4      | Found an ornate altar of the Wu Jian Council.
  4179 | D:5      | Entered Level 5 of the Dungeon
  4190 | D:5      | Reached skill level 5 in Armour
  4254 | D:5      | Found an opulent altar of Gozag.
  4282 | D:5      | Reached skill level 9 in Maces & Flails
  4282 | D:5      | Reached XP level 8. HP: 52/71 MP: 7/7
  4416 | D:5      | You fall into a shaft and drop 1 floor!
  4552 | D:5      | Found a shadowy altar of Dithmenos.
  4555 | D:5      | Found a shimmering altar of Xom.
  4687 | D:5      | Found a shimmering blue altar of Sif Muna.
  4784 | D:5      | Found a glowing silver altar of Zin.
  4967 | D:6      | Noticed Duvessa
  4968 | D:6      | Noticed Dowan
  5058 | D:6      | Noticed Sigmund
  5071 | D:6      | Killed Sigmund
  5130 | D:6      | Noticed Eustachio
  5130 | D:6      | Noticed Edmund
  5145 | D:6      | Killed Edmund
  5145 | D:6      | Reached skill level 10 in Maces & Flails
  5156 | D:6      | Killed Eustachio
  5291 | D:6      | Killed Duvessa
  5295 | D:6      | Killed Dowan
  5295 | D:6      | Reached XP level 9. HP: 81/81 MP: 8/8
  5363 | D:6      | Found a hide-covered altar of Uskayaw.
  5489 | D:6      | Reached **** piety under Trog
  5725 | D:7      | Reached skill level 11 in Maces & Flails
  5875 | D:7      | Identified the cursed +1 trident of the Curious Spirits
                  | {vamp, rElec rN++ Str-2 SInv}
  5969 | D:7      | Found a staircase to the Ecumenical Temple.
  6158 | D:7      | Found a snail-covered altar of Cheibriados.
  6158 | D:7      | Found a sacrificial altar of Ru.
  6237 | D:8      | Noticed Harold
  6254 | D:8      | Killed Harold
  6254 | D:8      | Reached skill level 12 in Maces & Flails
  6374 | D:8      | Noticed Grum
  6399 | D:8      | Killed Grum
  6399 | D:8      | Reached XP level 10. HP: 73/91 MP: 9/9
  6617 | D:8      | Found a bloodstained altar of Trog.
  6824 | D:8      | Noticed Gastronok
  6832 | D:8      | Killed Gastronok
  6832 | D:8      | Reached skill level 10 in Fighting
  6832 | D:8      | Reached skill level 13 in Maces & Flails
  7137 | D:8      | Found a staircase to the Lair.
  7547 | D:9      | Reached skill level 14 in Maces & Flails
  7793 | D:9      | Reached skill level 10 in Armour
  8006 | D:9      | Reached ***** piety under Trog
  8012 | D:9      | Found an ancient bone altar of Kikubaaqudgha.
  8303 | D:9      | Found Tunat's Food Emporium.
  8382 | D:9      | Noticed a seven-headed hydra
  8398 | D:9      | Killed a seven-headed hydra
  8398 | D:9      | Reached XP level 11. HP: 93/101 MP: 10/10
  8782 | D:10     | Entered Level 10 of the Dungeon
  8798 | D:10     | Found Zidok's Antique Armour Shop.
  8832 | D:10     | Found a staircase to the Orcish Mines.
  8874 | D:10     | Reached skill level 1 in Shields
  8977 | D:10     | Noticed a two-headed ogre
  8982 | D:10     | Killed a two-headed ogre
  9145 | D:10     | Noticed a two-headed ogre
  9151 | D:10     | Killed a two-headed ogre
  9151 | D:10     | Reached skill level 15 in Maces & Flails
  9440 | D:10     | Noticed a green ugly thing
  9441 | D:10     | Found a basalt altar of Yredelemnul.
  9442 | D:10     | Found a glowing silver altar of Zin.
  9442 | D:10     | Found a shattered altar of Ashenzari.
  9442 | D:10     | Found an ornate altar of the Wu Jian Council.
  9447 | D:10     | Killed a green ugly thing
 10235 | Lair:1   | Entered Level 1 of the Lair of Beasts
 10374 | Lair:1   | Noticed an eight-headed hydra
 10381 | Lair:1   | Killed an eight-headed hydra
 10513 | Lair:1   | Noticed Urug
 10525 | Lair:1   | Killed Urug
 10607 | Lair:1   | Reached skill level 5 in Shields
 10891 | Lair:1   | Reached skill level 16 in Maces & Flails
 11129 | Lair:1   | Reached XP level 12. HP: 112/112 MP: 11/11
 12404 | Lair:2   | Noticed a queen ant
 12423 | Lair:2   | Killed a queen ant
 12719 | Lair:2   | Reached skill level 17 in Maces & Flails
 12890 | Lair:2   | Received a gift from Trog
 13004 | Lair:2   | You fall into a shaft and drop 2 floors!
 13083 | Lair:3   | Reached ****** piety under Trog
 13661 | Lair:3   | Noticed Nergalle
 13670 | Lair:3   | Killed Nergalle
 14018 | Lair:3   | Noticed a six-headed hydra
 14025 | Lair:3   | Killed a six-headed hydra
 14031 | Lair:3   | Reached XP level 13. HP: 122/122 MP: 12/12
 14620 | Lair:4   | Reached skill level 18 in Maces & Flails
 15512 | Lair:4   | Found a staircase to the Shoals.
 15822 | Lair:4   | Found a hole to the Spider Nest.
 16391 | Lair:5   | Found a frozen archway.
 16397 | Lair:5   | Reached skill level 10 in Shields
 16669 | Lair:5   | Reached skill level 19 in Maces & Flails
 16714 | IceCv    | Entered an ice cave
 16961 | IceCv    | Received a gift from Trog
 17568 | IceCv    | Noticed a frost giant
 17582 | IceCv    | Reached XP level 14. HP: 133/133 MP: 13/13
 18286 | IceCv    | Killed a frost giant
 18522 | IceCv    | Found the +3 giant club "Skullcrusher" {speed, Str+7}
 18700 | Lair:5   | Found a staircase to the Slime Pits.
 18702 | Lair:5   | Found a viscous altar of Jiyva.
 19054 | Lair:5   | Reached skill level 15 in Fighting
 19570 | Lair:6   | Entered Level 6 of the Lair of Beasts
 19593 | Lair:6   | Reached skill level 20 in Maces & Flails
 20232 | Lair:6   | Noticed Rupert
 20257 | Lair:6   | Killed Rupert
 20257 | Lair:6   | Received a gift from Trog
 22198 | D:11     | Received a gift from Trog
 22421 | D:11     | Reached XP level 15. HP: 121/143 MP: 14/14
 23220 | D:12     | Noticed Josephine
 23242 | D:12     | Killed Josephine
 23242 | D:12     | Reached skill level 21 in Maces & Flails
 23830 | D:12     | Identified a scroll of acquirement
 23831 | D:12     | Got the ring of the Frog {+Blink rF- MR+ Int+2 Slay+4}
 24188 | D:13     | Received a gift from Trog
 24210 | D:13     | Found Joerr's Antique Weapon Shoppe.
 24422 | D:13     | Found a gate to the Vaults.
 25260 | D:14     | Found a shadowy altar of Dithmenos.
 26018 | D:15     | Entered Level 15 of the Dungeon
 26119 | D:15     | Noticed Jorgrun
 26134 | D:15     | Killed Jorgrun
 26245 | D:15     | Found a staircase to the Depths.
 26297 | D:15     | Received a gift from Trog
 26544 | D:15     | Noticed Agnes
 26554 | D:15     | Killed Agnes
 27251 | D:15     | Reached skill level 22 in Maces & Flails
 27251 | D:15     | Reached XP level 16. HP: 152/152 MP: 15/15
 27622 | Orc:1    | Entered Level 1 of the Orcish Mines
 27794 | Orc:2    | Entered Level 2 of the Orcish Mines
 27795 | Orc:2    | Found a runed translucent gate.
 27806 | Orc:2    | Found a runed translucent gate.
 27807 | Orc:2    | Found a runed translucent gate.
 28102 | Orc:2    | Found Nicw's Distillery.
 28114 | Orc:2    | Found Zoargh's Magic Scroll Boutique.
 28217 | Orc:2    | Received a gift from Trog
 28271 | Orc:2    | Found a staircase to the Elven Halls.
 28748 | Orc:2    | Noticed Descartes's ghost (journeyman FoFi)
 28748 | Orc:2    | Noticed puimuR's ghost (journeyman DsBe)
 28748 | Orc:2    | Noticed aduken's ghost (journeyman GnWn)
 29595 | Orc:2    | Found a roughly hewn altar of Beogh.
 29642 | Orc:2    | Bought a potion of curing for 33 gold pieces
 29642 | Orc:2    | Bought a potion of heal wounds for 55 gold pieces
 29642 | Orc:2    | Bought a potion of haste for 110 gold pieces
 29644 | Orc:2    | Bought a scroll of teleportation for 51 gold pieces
 29644 | Orc:2    | Bought a scroll of identify for 34 gold pieces
 29644 | Orc:2    | Bought 3 scrolls of teleportation for 153 gold pieces
 29698 | Orc:2    | Received a gift from Trog
 29713 | Orc:2    | Found Ifucib's Antique Weapon Shoppe.
 29713 | Orc:2    | Found a one-way gate leading to the halls of Pandemonium.
 29713 | Orc:2    | Found Oditumm's Book Emporium.
 30038 | Orc:1    | Killed Descartes's ghost
 30113 | Orc:2    | Killed aduken's ghost
 30169 | Orc:2    | Killed puimuR's ghost
 30831 | Spider:1 | Entered Level 1 of the Spider Nest
 31315 | Spider:1 | Noticed Kirke
 31337 | Spider:1 | Killed Kirke
 31826 | Spider:1 | You fall into a shaft and drop 1 floor!
 32888 | Spider:2 | Reached skill level 15 in Shields
 32937 | Spider:2 | Reached skill level 23 in Maces & Flails
 33406 | Spider:2 | Reached XP level 17. HP: 157/162 MP: 16/16
 33434 | Spider:2 | Received a gift from Trog
 34326 | Spider:2 | Reached skill level 5 in Dodging
 35970 | Spider:2 | Received a gift from Trog
 36594 | Spider:4 | Entered Level 4 of the Spider Nest
 36594 | Spider:4 | Noticed Asterion
 36614 | Spider:3 | Killed Asterion
 36713 | Spider:4 | Noticed Donald
 36733 | Spider:4 | Killed Donald
 36934 | Spider:4 | Noticed Arachne
 37311 | Spider:4 | Killed Arachne
 37598 | Spider:4 | Noticed Nikola
 37646 | Spider:4 | Killed Nikola
 39300 | Spider:4 | Reached XP level 18. HP: 156/172 MP: 1/17
 39540 | Spider:4 | Got a gossamer rune of Zot
 40032 | Depths:1 | Entered Level 1 of the Depths
 40392 | D:15     | Reached skill level 24 in Maces & Flails
 40667 | D:15     | Received a gift from Trog
 40670 | D:15     | Got a crude mace {god gift}
 40671 | D:15     | Identified the +2 mace "Kuakoclo" {vorpal, rF++} (Trog
                  | gifted it to you on level 15 of the Dungeon)
 40675 | Depths:1 | Noticed Aizul
 40830 | D:15     | Killed Aizul
 41130 | Depths:1 | Noticed a lich
 41175 | Depths:1 | Noticed a lich
 41337 | D:15     | Killed a lich
 42000 | Depths:1 | Received a gift from Trog
 42037 | Depths:1 | Found a snail-covered altar of Cheibriados.
 42688 | Depths:1 | Found a gateway to Hell.
 43243 | Depths:2 | Reached skill level 15 in Armour
 43608 | Depths:2 | Found an iron altar of Okawaru.
 44238 | Depths:2 | Found a one-way gate to the infinite horrors of the Abyss.
 45243 | Depths:2 | Received a gift from Trog
 45336 | Depths:2 | Reached XP level 19. HP: 181/181 MP: 6/18
 45538 | Depths:2 | Noticed a golden dragon
 45551 | Depths:2 | Killed a golden dragon
 45972 | Depths:2 | Found a shadowy altar of Dithmenos.
 45982 | Depths:2 | Reached skill level 25 in Maces & Flails
 46035 | Depths:2 | HP: 7/182 [deep elf high priest/damnation (18)]
 46035 | Depths:2 | Killed from afar by a storm dragon

Illustrated notes

Levels and vault maps discovered:
D:1:      saegor_arrival_simple_b, layout_basic, serial_park_tiny_2,
          hangedman_decor_diamond_cutter
D:2:      wander_river, layout_basic, okawaru_altar_gauntlet_db,
          xom_teletrap_fun
D:3:      layout_basic, ashenzari_altar_1, nemelex_xobeh_ov_fountains_minmay
D:4:      layout_basic, old_standard_altar, first_ration,
          hangedman_decor_peaks_small, uniq_blork_the_orc, uniq_menkaure,
          uniq_grinder
D:5:      layout_cave_pools, zin_scriptorium, lemuel_blue_sif_altar,
          grunt_temple_overflow_open, grunt_gozag_breadcrumbs
D:6:      layout_basic, eat_drink_and_be_merry_uskayaw, uniq_eustachio,
          uniq_edmund, uniq_sigmund, uniq_duvessa
D:7:      layout_rooms, gammafunk_temple_overflow_elements, temple_pool_b,
          the_bakery
D:8:      layout_gridville, erik_lair_dragon, trog_book, uniq_harold, uniq_grum,
          uniq_gastronok
D:9:      layout_loops_corners, kennysheep_vampire_church, serial_shops,
          nicolae_shop_behind_doors, kennysheep_nondescript,
          lightli_fourway_metalbox
D:10:     minmay_the_grid_octo_tiled_octocenter [minmay_the_grid_octo_shrine,
          minmay_the_grid_octo_checkerflower, minmay_the_grid_octo_chip,
          minmay_the_grid_octo_empty,
          minmay_the_grid_octo_prize_ultimate_mussel_roller,
          minmay_the_grid_square_5x5_hollow_slash,
          minmay_the_grid_square_5x5_two_walls_a,
          minmay_the_grid_square_5x5_inverted_slash,
          minmay_the_grid_square_5x5_broken_cross], layout_basic, serial_shops,
          shop_fountains
D:11:     layout_roguey
D:12:     layout_rooms, drop_trap, uniq_josephine
D:13:     layout_roguey, lightli_vaults_fourway_checkpoint, serial_shops, shop
D:14:     layout_basic, grunt_dithmenos_smoke_and_mirrors
D:15:     gammafunk_depths_entry_grave, layout_cave_pods, chequers_garden,
          uniq_agnes, uniq_jorgrun
Lair:1:   layout_roguey, uniq_urug
Lair:2:   layout_regular_city, serial_bayou, serial_bayou_lagoon_a,
          serial_bayou_pond_a, serial_bayou_lake_a, serial_bayou_pond_e,
          zaba_anthell, lemuel_fruit_tree, grunt_megastairs_5,
          serial_bayou_shore_b, serial_bayou_shore_a
Lair:3:   layout_chaotic_city, chequers_serial_rivers_large_a,
          grunt_megastairs_3, uniq_nergalle
Lair:4:   layout_gridlike, minmay_shoals_entry_hut,
          spider_nest_entry_funnel_web, special_room
          [special_room_mythical_zoo], lemuel_fruit_fields
Lair:5:   layout_hall_layers, slime_altar_1,
          portal_ice_cave_entry_animals_and_master,
          nicolae_quartered_pool_medium, grunt_megastairs_2
Lair:6:   minmay_lair_end_frog_pond, layout_small_grid, lemuel_fruit_fields,
          uniq_rupert
Spider:1: layout_spider_delve, uniq_kirke
Spider:2: layout_spider_delve
Spider:3: layout_spider_delve, nicolae_looking_at_the_future
Spider:4: guppyfry_spider_rune, uniq_donald, uniq_arachne, uniq_nikola,
          uniq_asterion
Orc:1:    layout_caves
Orc:2:    pf_orc_diabolical, layout_diamond_mine, basic_altar,
          gammafunk_ghost_cemetery
Depths:1: layout_cave_pools, serial_bayou_pond_b, hell_entry,
          cheibriados_altar_1, firewood_loft, uniq_aizul
Depths:2: grunt_profane_halls [grunt_profane_temple_geh,
          grunt_profane_temple_coc, grunt_profane_temple_tar,
          grunt_profane_temple_dis, grunt_profane_loot], serial_shops,
          hell_entry, abyss_entry

Skill      XL: |  1  2  3  4  5  6  7  8  9 10 11 12 13 14 15 16 17 18 19 |
---------------+----------------------------------------------------------+-----
Maces & Flails | 4 5 6 7 9 10 12 14 16 17 19 20 22 23 24 25 | 25.0
Fighting       | 4 5 6 8 9 10 12 13 14 15 16 17 18 19 | 19.0
Armour         | 3 4 5 6 8 10 12 13 14 15 | 15.4
Shields        | 5 8 10 12 13 15 16 18 | 18.5
Dodging        | 4 7 9 |  9.4

Action                   |  1- 3 |  4- 6 |  7- 9 | 10-12 | 13-15 | 16-18 | 19-21 || total
-------------------------+-------+-------+-------+-------+-------+-------+-------++-------
Melee: Mace              |    66 |    40 |       |       |       |       |       ||   106
       Headbutt          |     8 |    13 |    25 |   135 |   301 |   457 |    39 ||   978
       Morningstar       |       |    31 |    95 |    96 |   580 |       |       ||   802
       Flail             |       |       |   105 |   463 |       |       |       ||   568
       Demon whip        |       |       |       |       |   703 |  1675 |       ||  2378
       Eveningstar       |       |       |       |       |       |     5 |   135 ||   140
Invok: Berserk           |       |     4 |     6 |    12 |    14 |    13 |     1 ||    50
       Trog's Hand       |       |       |       |       |       |     1 |       ||     1
       Brothers in Arms  |       |       |       |       |       |     1 |       ||     1
Evoke: Wand              |       |       |       |       |       |     2 |       ||     2
  Use: Scroll            |       |    12 |     4 |       |    26 |    15 |     6 ||    63
       Potion            |       |     1 |       |       |     2 |     3 |       ||     6
 Stab: Distracted        |       |       |       |     2 |       |       |       ||     2
       Petrified         |       |       |       |       |     8 |       |       ||     8
  Eat: Chunk             |     1 |     8 |    15 |    30 |    39 |    27 |     3 ||   123
       Ration            |       |     1 |       |     1 |     5 |    13 |       ||    20
Armor: Animal skin       |    16 |     4 |       |       |       |       |       ||    20
       Scale mail        |       |    15 |    26 |       |       |       |       ||    41
       Plate armour      |       |       |    19 |   158 |   321 |   629 |    12 ||  1139
       Gold dragon scale |       |       |       |       |       |       |    36 ||    36
Dodge: Dodged            |    40 |    46 |   172 |   225 |   449 |   614 |    45 ||  1591
Block: Kite shield       |       |       |       |   151 |   613 |  1031 |    69 ||  1864
